 Dungeon Crawl Stone Soup version 0.30.0-30-g96aa6591b8 (webtiles) character file.

Game seed: 3061358312106881429

349 coffeetime the Magician (level 6, 0/43 HPs)
             Began as a Djinni Conjurer on June 28, 2023.
             Was an Initiate of Makhleb.
             Slain by a hornet (8 damage)
             ... on level 4 of the Dungeon.
             The game lasted 00:16:20 (2714 turns).

coffeetime the Magician (Djinni Conjurer)           Turns: 2714, Time: 00:16:20

Health: 0/43       AC:  5    Str:  6    XL:     6   Next: 92%
Gold:   236        EV: 12    Int: 19    God:    Makhleb [......] SH:  0 Dex: 14

rFire   + + .        v - +0 short sword (venom)
rCold   . . .        (no shield)
rNeg    . . .        f - +0 leather armour
rPois   ∞            p - +0 helmet
rElec   .            z - +0 cloak
rCorr   .            (no gloves)
SInv    .            (boots unavailable)
Will    .....        (no amulet)
Stlth   ++           u - ring of protection from cold
HPRegen 0.27/turn    (no ring)
MPRegen 0.00/turn

%: infuse magic (-1 HP)
@: flying
A: sickness immunity, fire resistance 2, cold vulnerability 1, float, innate
caster, HP casting, extra vitality 1
a: Renounce Religion


You were on level 4 of the Dungeon.
You worshipped Makhleb.
Makhleb was noncommittal.
You visited 2 branches of the dungeon, and saw 5 of its levels.

You collected 236 gold pieces.

Inventory:

Hand Weapons
 d - a +0 war axe
 g - a +0 falchion
 v - a +0 short sword of venom (weapon)
 x - a +0 heavy halberd
 A - a +1 vampiric dagger
Missiles
 j - 3 poisoned darts
 t - 16 stones
Armour
 a - a +0 robe
 f - a +0 leather armour (worn)
 p - a +0 helmet (worn)
 z - a +0 cloak (worn)
Jewellery
 u - a ring of protection from cold (left hand)
 w - a ring of willpower
 C - a ring of ice
Wands
 y - a wand of flame (24)
Scrolls
 b - 3 scrolls of identify {unknown}
 c - a scroll of magic mapping {unknown}
 h - a scroll of acquirement {unknown}
 k - a scroll of blinking {unknown}
 l - a scroll of fog {unknown}
 m - 2 scrolls of enchant armour {unknown}
 o - 2 scrolls of teleportation {unknown}
 s - a scroll of vulnerability {unknown}
Potions
 e - a potion of heal wounds {unknown}
 i - a potion of flight {unknown}
 n - a potion of cancellation {unknown}
 q - a potion of magic {unknown}
 r - a potion of mutation {unknown}
 B - a potion of curing {unknown}


   Skills:
 * Level 2.1 Fighting
 + Level 0.1(0.7) Short Blades
 - Level 1.2 Long Blades
 - Level 0.1 Axes
 + Level 2.0 Armour
 + Level 3.4 Dodging
 + Level 2.3 Stealth
 + Level 4.5 Spellcasting


You knew the following spells:

 Your Spells              Type           Power      Damage    Failure   Level
a - Magic Dart            Conj           84%        1d7       3%          1
b - Searing Ray           Conj           42%        2d6       4%          2
c - Dazzling Flash        Conj/Hex       42%        N/A       9%          3
d - Fulminant Prism       Conj/Hex       10%        3d9       30%         4
e - Iskenderun's Mystic   Conj/Tloc      21%        2d6       30%         4
f - Beastly Appendage     Tmut           42%        N/A       3%          1
g - Ensorcelled Hibernat  Hex/Ice        42%        N/A       4%          2
Your spell library was empty.

Dungeon Overview and Level Annotations

Branches:
Dungeon (4/15)             Temple (1/1) D:4

Altars:
Ashenzari
Cheibriados
Dithmenos
Elyvilon
Makhleb
Nemelex Xobeh
Okawaru
Qazlal
Trog
Uskayaw
Wu Jian
Xom
The Shining One

Annotations:
D:2 1 runed translucent door, Crazy Yiuf


Innate Abilities, Weirdness & Mutations

You are immune to sickness and miasma.
You are immune to poison.
Your flesh is very heat resistant. (rF++)
You are vulnerable to cold. (rC-)
You float through the air rather than walking.
You learn spells naturally, not from books.
Your magical power is your life essence.
You have superior vitality. (+4 MHP)


Message History

You can't go up here!
Casting: Ensorcelled Hibernation (safe; 4% risk of failure)
Confirm with . or Enter, or press ? or * to list all spells.
Aiming: Searing Ray (safe; 4% risk of failure)
Press: ? - help, Shift-Dir - straight line, f - iguana
Aim: an iguana (81% to hit)
The searing ray misses the hornet.
The searing ray hits the goblin!
You kill the goblin!
Makhleb accepts your kill.
The searing ray hits the iguana.
The iguana is lightly wounded. (Press . to maintain the ray.)
The hornet stings you. The hornet stings you!
The searing ray misses the hornet.
The searing ray hits the iguana!
The iguana is heavily wounded.
The hornet completely misses you.
The searing ray hits the iguana!
You kill the iguana!
Makhleb accepts your kill. The hornet barely misses you.
The hornet stings you but does no damage.
You can't go up here!
Casting: Searing Ray (safe; 4% risk of failure)
Confirm with . or Enter, or press ? or * to list all spells.
Restarting spell: Searing Ray (safe; 4% risk of failure)
Press: ? - help, Shift-Dir - straight line, f - hornet
Aim: a hornet (66% to hit)
The searing ray hits the hornet.
The hornet is lightly wounded. (Press . to maintain the ray.)
The hornet stings you but does no damage.
The searing ray misses the hornet.
The hornet stings you.
* * * LOW HITPOINT WARNING * * *
The hornet stings you.
* * * LOW HITPOINT WARNING * * *
The searing ray hits the hornet!
The hornet is moderately wounded.
* * * LOW HITPOINT WARNING * * *
The hornet stings you!
You die...

#.#. #...#####
###...####...#....
....(.............
.............#.......#
##..#####....#.......#
..#######...........#
.........)..........#
....###.†y..........#
..#.....#@..........# #
........B...#.....# ##.#
###............<..##...#
.............#....#..#
.......>..>..#[.....#
...............)..###
.#..#........#....#
##..........#....#
.##.........#....#


You could see a hornet and a giant cockroach.

Vanquished Creatures
  2 orc priests (D:4)
  Jessica (D:3)
  An iguana (D:4)
  An orc wizard (D:4)
  Robin (D:2)
  4 gnolls (D:3)
  6 adders
  2 worms
  4 dart slugs
  8 orcs
  3 ball pythons
  5 bats
  10 endoplasms
  3 giant cockroaches
  10 goblins
  6 hobgoblins
  6 jackals (D:2)
  A quokka (D:2)
  4 frilled lizards
  7 kobolds
  10 rats
95 creatures vanquished.

Notes
Turn   | Place    | Note
-------+----------+-------------------------------------------
     0 | D:1      | coffeetime the Djinni Conjurer began the quest for the Orb.
     0 | D:1      | coffeetime set off with the following spells memorised:
                  | Magic Dart, Searing Ray, Dazzling Flash, Fulminant Prism,
                  | Iskenderun's Mystic Blast.
     0 | D:1      | Reached XP level 1. HP: 15/15 MP: 0/0
   118 | D:1      | Reached XP level 2. HP: 21/21 MP: 0/0
   649 | D:1      | Reached XP level 3. HP: 18/25 MP: 0/0
   649 | D:1      | Learned a level 1 spell: Beastly Appendage
   915 | D:2      | Reached XP level 4. HP: 17/31 MP: 0/0
   937 | D:2      | Reached skill level 4 in Spellcasting
   990 | D:2      | Noticed Robin
   999 | D:2      | Killed Robin
  1164 | D:2      | Reached skill level 1 in Long Blades
  1235 | D:2      | Reached XP level 5. HP: 34/36 MP: 0/0
  1235 | D:2      | Learned a level 2 spell: Ensorcelled Hibernation
  1495 | D:2      | Reached skill level 1 in Armour
  1572 | D:2      | Found a runed translucent door.
  1573 | D:2      | Noticed Crazy Yiuf
  1630 | D:3      | Reached skill level 1 in Fighting
  1901 | D:3      | Noticed Jessica
  1909 | D:3      | Killed Jessica
  1910 | D:3      | Reached XP level 6. HP: 35/43 MP: 0/0
  2282 | D:4      | Found a staircase to the Ecumenical Temple.
  2606 | Temple   | Entered the Ecumenical Temple
  2656 | Temple   | Became a worshipper of Makhleb the Destroyer
  2698 | D:4      | Noticed a hornet
  2714 | D:4      | Slain by a hornet

Illustrated notes

Levels and vault maps discovered:
D:1:      evilmike_arrival_plus, layout_basic, minmay_pentomino_u4
D:2:      layout_loops_ring, minmay_split_cup_large, uniq_robin,
          uniq_crazy_yiuf_cottage
D:3:      layout_loops_ring, uniq_jessica
D:4:      layout_rooms, minmay_temple_entry_mist
Temple:   eino_wide_crystal_templ

Skill      XL: |  1  2  3  4  5  6 |
---------------+-------------------+-----
Spellcasting   | 4 |  4.5
Stealth        | 2 |  2.3
Long Blades    | 1 |  1.2
Armour         | 1 2 |  2.0
Fighting       | 1 2 |  2.1
Dodging        | 3 |  3.4
Short Blades   | |  0.1
Axes           | |  0.1

Action                     |  1- 3 |  4- 6 || total
---------------------------+-------+-------++-------
  Melee: War axe           |    18 |       ||    18
         Falchion          |    26 |    59 ||    85
         Headbutt          |     2 |       ||     2
         Punch             |       |     3 ||     3
         Short sword       |       |    66 ||    66
   Cast: Magic Dart        |    31 |    66 ||    97
         Searing Ray       |     3 |    10 ||    13
         Beastly Appendage |     1 |     1 ||     2
         Ensorcelled Hiber |       |     1 ||     1
   Stab: Sleeping          |     1 |       ||     1
 Armour: Robe              |    13 |       ||    13
         Leather armour    |    19 |    44 ||    63
  Dodge: Dodged            |    32 |    94 ||   126
